 Dungeon Crawl Stone Soup version 0.30-a0-949-g53dc5368d7 (webtiles) character file.

Game seed: 17577937127295987068

23 retardedninja the Firebug (level 2, -1/15 HPs)
             Began as a Deep Elf Fire Elementalist on Mar 27, 2023.
             Slain by a ball python (3 damage)
             ... on level 1 of the Dungeon.
             The game lasted 00:01:30 (1046 turns).

retardedninja the Firebug (DEFE)                    Turns: 1046, Time: 00:01:31

Health: -1/15      AC:  2    Str:  5    XL:     2   Next: 72%
Magic:  8/8        EV: 10    Int: 19    God:
Gold:   61         SH:  0    Dex: 15    Spells: 6/7 levels left

rFire   . . .      SeeInvis +    h - +0 hand axe
rCold   . . .      Faith    .    (no shield)
rNeg    . . .      Spirit   .    a - +0 robe
rPois   .          Reflect  .    (no helmet)
rElec   .          Rampage  .    (no cloak)
rCorr   .                        (no gloves)
Will    .....                    (no boots)
Stlth   ++                       (no amulet)
HPRegen 0.22/turn                e - ring of see invisible
MPRegen 0.11/turn                (no ring)

@: flying, constricted
A: no striking features
a: no special abilities


You were on level 1 of the Dungeon.
You visited 1 branch of the dungeon, and saw 1 of its levels.

You collected 61 gold pieces.

Inventory:

Hand Weapons
 h - a +0 hand axe (weapon)
Armour
 a - a +0 robe (worn)
Jewellery
 e - a ring of see invisible (left hand)
Scrolls
 g - a scroll of identify {unknown}
Potions
 b - a potion of magic
 f - a potion of brilliance {unknown}


   Skills:
 + Level 2.8 Dodging
 + Level 2.9 Stealth
 + Level 3.3 Spellcasting
 + Level 1.6 Conjurations
 + Level 3.5 Fire Magic


You had 6 spell levels left.
You knew the following spells:

 Your Spells              Type           Power      Damage    Failure   Level
a - Foxfire               Conj/Fire      52%        2x1d6     4%          1

Your spell library contained the following spells:

 Spells                   Type           Power      Damage    Failure   Level
 Scorch                   Fire           32%        2d7       5%          2
 Inner Flame              Hex/Fire       9%         N/A       22%         3
 Kindle Blastsparks       Fire/Tloc/Air  14%        2d11      26%         3
 Flame Wave               Conj/Fire      13%        2d6       45%         4


Dungeon Overview and Level Annotations

Branches:
Dungeon (1/15)

Altars:


Message History

You open the door.
There is an open door here.
A kobold comes into view. It is wielding a +0 whip.
A kobold is nearby!
A kobold is nearby!
A kobold is nearby!
A kobold is nearby!
A kobold is nearby!
A kobold is nearby!
You conjure some foxfire!
The kobold shouts!
You hear an angry hiss.
You hear a shout!
A ball python comes into view.
The kobold throws a stone.
The stone barely misses you.
The ball python bites you but does no damage.
The ball python grabs you. The ball python constricts you.
A ball python comes into view.
The ball python bites you. The ball python constricts you.
The kobold hits you with a +0 whip. The ball python barely misses you.
The ball python constricts you. The ball python bites you.
The ball python constricts you. The kobold barely misses you.
A hobgoblin comes into view.
The ball python bites you. The ball python constricts you.
The kobold closely misses you.
The ball python's grasp on you weakens, but your attempt to escape fails.
The ball python barely misses you. The ball python constricts you.
Your foxfire dissipates!
The kobold barely misses you. The ball python bites you.
The ball python constricts you.
You escape the ball python's grasp.
The kobold attacks as you move away! The kobold hits you with a +0 whip.
* * * LOW HITPOINT WARNING * * *
The kobold throws a stone.
The stone misses you.
The ball python bites you but does no damage.
The ball python grabs you. The ball python constricts you.
* * * LOW HITPOINT WARNING * * *
It was a potion of flight.
You feel very buoyant.
You fly up into the air.
The ball python bites you.
You die...

######## #......#
...#.# ##.#.#
#S.gK# #:.##S###
## #@..# #...#####
#...'...# #.#
#...###.# #.#
#...###+######.#
#...........##.#
#....>......##.#
#...........##.###
#...........+.....


You could see a hobgoblin, a ball python and a kobold.

Vanquished Creatures
  A dart slug (D:1)
  3 endoplasms (D:1)
  A giant cockroach (D:1)
  A goblin (D:1)
  A hobgoblin (D:1)
  3 kobolds (D:1)
  A quokka (D:1)
  2 ball pythons (D:1)
  2 frilled lizards (D:1)
  5 rats (D:1)
20 creatures vanquished.

Vanquished Creatures (others)
  71 foxfires (D:1)
71 creatures vanquished.

Grand Total: 91 creatures vanquished

Notes
Turn   | Place    | Note
-------+----------+-------------------------------------------
     0 | D:1      | retardedninja the Deep Elf Fire Elementalist began the
                  | quest for the Orb.
     0 | D:1      | Reached XP level 1. HP: 10/10 MP: 6/6
   171 | D:1      | Reached XP level 2. HP: 15/15 MP: 0/8
  1046 | D:1      | Slain by a ball python

Illustrated notes

Levels and vault maps discovered:
D:1:      evilmike_arrival_hilbert_curve, layout_basic, minmay_tall_x

Action                     || total
---------------------------++-------
  Melee: Dagger            ||     2
         Punch             ||     1
   Cast: Foxfire           ||    51
    Use: Potion            ||     1
 Armour: Robe              ||     2
  Dodge: Dodged            ||     8

Table legend: (Time is in decaauts)
 A = Elapsed time spent in this place.
 B = Non-inter-level travel time spent in this place.
 C = Inter-level travel time spent in this place.
 D = Time resting spent in this place.
 E = Time spent auto-exploring this place.
 F = Levels seen in this place.
 G = Mean time per level.
                   A        B        C        D        E       F      G
               +--------+--------+--------+--------+--------+-----+--------+
         Total |   1044 |   1030 |     14 |      0 |    883 |   1 | 1044.0 |
       Dungeon |   1044 |   1030 |     14 |      0 |    883 |   1 | 1044.0 |
               +--------+--------+--------+--------+--------+-----+--------+

Top non-repeatable levels by time:
     D:1: 1044 daAuts
